 Dungeon Crawl Stone Soup version 0.27-a0-732-ga892ba84f6 (webtiles) character file.

Game seed: 12268509952389023191

28 avis the Insei (level 3, 26/26 HPs)
             Began as a Demonspawn Transmuter on Mar 24, 2021.
             Got out of the dungeon alive.
             The game lasted 00:06:00 (1420 turns).

avis the Insei (Demonspawn Transmuter)              Turns: 1420, Time: 00:06:01

Health: 26/26      AC:  3    Str: 10    XL:     3   Next: 0%
Magic:  6/6        EV: 12    Int: 15    God:
Gold:   48         SH:  0    Dex: 13    Spells: 2/6 levels left

rFire    . . .     SeeInvis .     - Unarmed
rCold    + . .     Faith    .   (no shield)
rNeg     . . .     Spirit   .   a - +0 robe
rPois    .         Reflect  .   (no helmet)
rElec    .         Harm     .   (no cloak)
rCorr    .         Rampage  .   c - +0 pair of gloves
Will     .....                  (no boots)
Stlth    +.........             (no amulet)
HPRegen  0.08/turn              i - ring of protection from cold
MPRegen  0.10/turn              (no ring)

@: no status effects
A: demonic guardian 1
a: no special abilities


You escaped.
You visited 1 branch of the dungeon, and saw 1 of its levels.

You collected 48 gold pieces.

Inventory:

Missiles
 b - 21 stones
Armour
 a - a +0 robe (worn)
 c - a +0 pair of gloves (worn)
Jewellery
 i - a ring of protection from cold (right hand)
Scrolls
 d - a scroll of teleportation {unknown}
 e - a scroll of enchant armour {unknown}
 g - a scroll of blinking {unknown}
 j - a scroll of fog {unknown}
 k - a scroll of torment {unknown}
 m - 2 scrolls of silence {unknown}
Potions
 f - a potion of curing {unknown}
 h - a potion of attraction {unknown}
 l - a potion of cancellation {unknown}


   Skills:
 - Level 1.0 Fighting
 - Level 2.0 Dodging
 + Level 3.1 Unarmed Combat
 - Level 2.0 Spellcasting
 + Level 2.5 Transmutations
 * Level 0.0 Poison Magic


You had 2 spell levels left.
You knew the following spells:

 Your Spells              Type           Power      Damage    Failure   Level
a - Beastly Appendage     Tmut           18%        N/A       8%          1
p - Spider Form           Tmut/Pois      2%         N/A       36%         3

Your spell library contained the following spells:

 Spells                   Type           Power      Damage    Failure   Level
 Wereblood                Tmut           9%         N/A       12%         2
 Ice Form                 Ice/Tmut       5%         N/A       78%         4
 Blade Hands              Tmut           4%         N/A       91%         5


Dungeon Overview and Level Annotations

Branches:
Dungeon (1/15)

Altars:


Innate Abilities, Weirdness & Mutations

A weak demonic guardian rushes to your aid.


Message History

You grow a pair of large bovine horns.
Your feet morph into talons.
The goblin shouts!
You closely miss the goblin. Your kick misses the goblin.
The goblin hits you but does no damage.
You closely miss the goblin. You claw the goblin, but do no damage.
You headbutt the goblin.
You kill the goblin!
You have reached level 3!
Your experience leads to an increase in your attributes!
Increase (S)trength, (I)ntelligence, or (D)exterity?
You feel clever.
You start resting.
Your magical contamination has completely faded away.
You start resting.
Your transformation is almost over.
You start resting.
Your horns disappear.
Your talons disappear.
This spell is extremely dangerous to cast!
Memorise Spider Form, consuming 3 spell levels and leaving 2?
You start memorising the spell.
You continue memorising. x3
You finish memorising.
Spell assigned to 'b'.
Adjust (i)tems, (s)pells, or (a)bilities?
Adjust which spell? b - Spider Form Adjust to which letter? p - Spider Form Magic restored.
Things that are here:
a +0 dagger; a goblin corpse
m - 2 scrolls labelled YHUCYIFOIN You open the door.
There is an open door here.
You open the door.
There is an open door here.
Done exploring.
Done exploring.
Search for what [? for help]? .
There is a staircase leading out of the dungeon here.
Are you sure you want to leave the Dungeon?
This will make you lose the game!
You have escaped!

.......##.......#######
......................#
..........###≈≈≈≈≈≈≈###
..........#≈≈≈≈≈≈≈≈≈≈#
...#......#≈≈≈≈≈≈≈≈≈≈#
...#...##.#≈≈≈...≈≈≈≈#
...#...##.#≈....≈≈≈≈≈#
...######.#≈.........#
#### #.#≈≈≈..@....##
#.#≈≈.........#
#.###.........#
#..##########.# ##.#
#..# #.# ##.## #.# #..#
#.# #.## #.# #.#


There were no monsters in sight!

Vanquished Creatures
  A dart slug (D:1)
  A giant cockroach (D:1)
  2 hobgoblins (D:1)
  3 jackals (D:1)
  A kobold (D:1)
  3 oozes (D:1)
  A quokka (D:1)
  3 ball pythons (D:1)
  A bat (D:1)
  2 goblins (D:1)
  A rat (D:1)
19 creatures vanquished.

Vanquished Creatures (collateral kills)
  A ball python (D:1)
  4 jackals (D:1)
5 creatures vanquished.

Grand Total: 24 creatures vanquished

Notes
Turn   | Place    | Note
-------+----------+-------------------------------------------
     0 | D:1      | avis the Demonspawn Transmuter began the quest for the Orb.
     0 | D:1      | Reached XP level 1. HP: 15/15 MP: 3/3
   266 | D:1      | Reached skill level 3 in Unarmed Combat
   343 | D:1      | Gained mutation: A weak demonic guardian rushes to your
                  | aid. [demonic ancestry]
   343 | D:1      | Reached XP level 2. HP: 15/21 MP: 3/5
  1205 | D:1      | Reached XP level 3. HP: 26/26 MP: 3/6
  1228 | D:1      | Learned a level 3 spell: Spider Form
  1420 | D:$      | Got out of the dungeon alive.

Illustrated notes

Levels and vault maps discovered:
D:1:      dpeg_arrival_pond, layout_basic

Skill      XL: |  1 |
---------------+----+-----
Unarmed Combat | 3 |  3.1
Transmutations | 2 |  2.5
Dodging        | 2 |  2.0
Fighting       | |  1.0
Spellcasting   | |  2.0

Action                   || total
-------------------------++-------
Melee: Unarmed           ||    57
       Kick              ||    11
       Headbutt          ||     3
 Cast: Beastly Appendage ||    19
Armor: Robe              ||    16
Dodge: Dodged            ||    41

Table legend: (Time is in decaauts)
 A = Elapsed time spent in this place.
 B = Non-inter-level travel time spent in this place.
 C = Inter-level travel time spent in this place.
 D = Time resting spent in this place.
 E = Time spent auto-exploring this place.
 F = Levels seen in this place.
 G = Mean time per level.
                   A        B        C        D        E       F      G
               +--------+--------+--------+--------+--------+-----+--------+
         Total |   1416 |   1348 |     68 |    510 |    612 |   1 | 1416.0 |
       Dungeon |   1416 |   1348 |     68 |    510 |    612 |   1 | 1416.0 |
               +--------+--------+--------+--------+--------+-----+--------+

Top non-repeatable levels by time:
     D:1: 1416 daAuts
